 Dungeon Crawl Stone Soup version 0.31-a0-818-ge7c7cf74f0 (webtiles) character file.

Game seed: 5999809045508456865

9829 Shayle the Fighter (level 11, -4/123 HPs)
             Began as an Ogre Hexslinger on Sept 22, 2023.
             Was a Follower of Kikubaaqudgha.
             Slain by a komodo dragon (21 damage)
             ... on level 1 of the Lair of Beasts.
             The game lasted 00:53:16 (15612 turns).

Shayle the Fighter (Ogre Hexslinger)               Turns: 15612, Time: 00:53:18

Health: -4/123     AC: 10    Str: 14    XL:     11   Next: 52%
Magic:  20/23      EV: 14    Int: 18    God:    Kikubaaqudgha [*.....]
Gold:   64         SH:  0    Dex: 11    Spells: 17/26 levels left

rFire   . . .        a - +2 sling (heavy)
rCold   . . .        (no shield)
rNeg    . . .        H - +2 troll leather armour
rPois   .            (helmet restricted)
rElec   .            (no cloak)
rCorr   .            (gloves unavailable)
SInv    .            (boots unavailable)
Will    +....        q - amulet of the acrobat
Stlth   +            d - +4 ring of protection
HPRegen 1.20/turn    i - +5 ring of evasion
MPRegen 0.18/turn

%: acrobat
@: no status effects
A: large, unfitting armour, tough skin 1
a: Renounce Religion, Unearth Wretches


You were on level 1 of the Lair of Beasts.
You worshipped Kikubaaqudgha.
Kikubaaqudgha was aware of your devotion.
You visited 3 branches of the dungeon, and saw 13 of its levels.
You also visited: Ossuary.

You collected 856 gold pieces.
You spent 792 gold pieces at shops.

Inventory:

Hand Weapons
 a - a +2 heavy sling (weapon)
 m - a +4 dagger
 u - a +1 whip of distortion
Missiles
 b - 5 curare-tipped darts
Armour
 c - a +1 robe
 F - a +2 robe of willpower
 H - a +2 troll leather armour (worn)
Jewellery
 d - a +4 ring of protection (left hand)
 f - a +6 ring of strength
 g - a ring of protection from cold
 i - a +5 ring of evasion (right hand)
 o - a +6 ring of dexterity
 q - an amulet of the acrobat (around neck)
 s - a ring of wizardry
Scrolls
 h - 4 scrolls of vulnerability
 n - 9 scrolls of identify
 t - a scroll of teleportation
 x - 5 scrolls of enchant weapon
Potions
 e - 3 potions of resistance
 j - 2 potions of mutation
 k - 3 potions of attraction
 p - 2 potions of curing
 r - 3 potions of haste
 v - a potion of magic
 w - 4 potions of heal wounds
 z - 5 potions of enlightenment
 A - 2 potions of invisibility {unknown}
 C - a potion of degeneration
 D - a potion of berserk rage {unknown}
 E - a potion of cancellation {unknown}
Miscellaneous
 G - a phial of floods (inert)


   Skills:
 + Level 12.3 Fighting
 - Level 1.3 Ranged Weapons
 - Level 1.7 Dodging
 - Level 8.1 Spellcasting
 - Level 2.6 Hexes
 + Level 8.5 Necromancy
 - Level 6.7 Fire Magic
 + Level 5.1 Earth Magic


You had 17 spell levels left.
You knew the following spells:

 Your Spells              Type           Power      Damage    Failure   Level
a - Vampiric Draining     Necr           38%        2d8       1%          3
b - Blink                 Tloc           14%        N/A       19%         2
c - Necrotise             Necr           100%       1d9       1%          1
d - Mephitic Cloud        Conj/Pois/Air  7%         N/A       36%         3

Your spell library contained the following spells:

 Spells                   Type           Power      Damage    Failure   Level
 Sublimation of Blood     Necr           38%        N/A       1%          2
 Kiss of Death            Conj/Necr      88%        2d12      2%          1
 Dispel Undead            Necr           38%        3d16      3%          4
 Slow                     Hex            68%        N/A       4%          1
 Inner Flame              Hex/Fire       24%        N/A       5%          3
 Cigotuvi's Dreadful Rot  Necr/Pois/Air  34%        N/A       6%          2
 Jinxbite                 Hex            34%        N/A       6%          2
 Magic Dart               Conj           28%        1d4       12%         1
 Confusing Touch          Hex            17%        N/A       12%         3
 Sigil of Binding         Hex            17%        N/A       12%         3
 Call Imp                 Summ           14%        N/A       19%         2
 Wereblood                Tmut           7%         N/A       19%         2
 Cause Fear               Hex            8%         N/A       38%         4
 Petrify                  Tmut/Erth      16%        N/A       38%         4
 Dimensional Bullseye     Hex/Tloc       6%         N/A       56%         4
 Manifold Assault         Tloc           7%         N/A       77%         4
 Irradiate                Conj/Tmut      3%         3d12      98%         5
 Summon Hydra             Summ           3%         N/A       100%        7


Dungeon Overview and Level Annotations

Branches:
Dungeon (11/15)            Temple (1/1) D:4            Lair (1/5) D:11
    Orc (0/2) D:9         Ossuary (visited)

Altars:
Ashenzari
Cheibriados
Dithmenos
Elyvilon
Fedhas
Gozag
Hepliaklqana
Kikubaaqudgha
Makhleb
Nemelex Xobeh
Okawaru
Qazlal
Ru
Sif Muna
Trog
Uskayaw
Vehumet
Wu Jian
Xom
Yredelemnul
Zin
The Shining One

Shops:
D:2 (   D:4 :   D:5 (   D:9 *=((!   D:10 (

Annotations:
D:6 1 runed translucent door, Crazy Yiuf
D:9 3 runed translucent doors, tinfoiltophat's ghost, journeyman DjFE


Innate Abilities, Weirdness & Mutations

You are too large for most types of armour.
You have tough skin. (AC +1)


Message History

You can't see any susceptible monsters within range! (Use Z to cast anyway.)
You shoot a sling bullet.
The sling bullet closely misses the komodo dragon.
Aim the phial where?
Press: ? - help, Shift-Dir - straight line, f/p - komodo dragon
Aim: a komodo dragon The torrent of water hits the komodo dragon.
The komodo dragon is lightly wounded.
The wave splashes down.
Splash!
You fall into the shallow water.
The komodo dragon completely misses you.
You shoot a sling bullet.
The sling bullet hits the komodo dragon!
The komodo dragon is moderately wounded.
The komodo dragon bites you! The komodo dragon misses you.
The komodo dragon bites you!
Unknown command.
You shoot a sling bullet.
The sling bullet hits the komodo dragon.
The komodo dragon is moderately wounded.
You hear the quick rumble of a very distant avalanche of rocks.
The komodo dragon bites you! x2
Unknown command.
You shoot a sling bullet.
The sling bullet hits the komodo dragon!
The komodo dragon is heavily wounded.
The komodo dragon bites you!!
* * * LOW HITPOINT WARNING * * *
The komodo dragon bites you!
* * * LOW HITPOINT WARNING * * *
Casting: Vampiric Draining (safe; 1% risk of failure)
Confirm with . or Enter, or press ? or * to list all spells.
Aiming: Vampiric Draining (safe; 1% risk of failure)
Press: ? - help, Shift-Dir - straight line, f/p - komodo dragon
Aim: a komodo dragon (heavily wounded)
You draw life force from the komodo dragon.
You feel life coursing into your body. The komodo dragon bites you!!
You die...
Kikubaaqudgha rasps: "You have failed me!
Welcome... death!"

# ##
##.#.#######
...........#
........!..##
......~l@...#
##.P##.#P..##
# #####..#
##.## #..##
#...# ##.##
#.# ### #.#


You could see a komodo dragon.

Vanquished Creatures
  A two-headed ogre (D:9)
  Maggie (D:9)
  2 kobold demonologists
  A cane toad (Lair:1)
  4 trolls
  Grinder (D:6)
  3 blink frogs (Lair:1)
  3 slime creatures (D:11)
  A wyvern (D:8)
  4 yaks (D:9)
  A basilisk (Lair:1)
  5 water moccasins
  7 orc warriors
  2 black bears
  An ice beast (D:7)
  5 centaurs
  A phantom (D:4)
  4 kobold brigands
  A gnoll sergeant (D:9)
  6 bullfrogs
  3 necrophages (D:8)
  2 scorpions
  8 wights
  7 howler monkeys
  A human zombie (D:8)
  5 jellies
  2 hounds
  8 orc priests
  3 gnoll boudas
  2 sleepcaps
  7 iguanas
  9 orc wizards
  2 killer bee zombies (D:8)
  12 mummies
  A howler monkey zombie (D:8)
  7 adders
  19 gnolls
  4 white imps
  2 ufetubi
  2 worms
  11 dart slugs
  34 orcs
  5 bats
  6 endoplasms
  4 giant cockroaches
  2 gnoll zombies (Ossuary)
  5 goblins
  5 hobgoblins
  6 jackals
  6 quokkas
  A ball python (D:4)
  2 frilled lizards (D:3)
  2 hobgoblin zombies (Ossuary)
  17 kobolds
  4 kobold zombies (Ossuary)
  3 rats
  A butterfly (D:4)
274 creatures vanquished.

Notes
Turn   | Place    | Note
-------+----------+-------------------------------------------
     0 | D:1      | Shayle the Ogre Hexslinger began the quest for the Orb.
     0 | D:1      | Reached XP level 1. HP: 19/19 MP: 2/2
    53 | D:1      | Reached skill level 1 in Fire Magic
   111 | D:1      | Reached XP level 2. HP: 20/28 MP: 2/4
   278 | D:1      | Reached skill level 2 in Fighting
   431 | D:1      | Reached XP level 3. HP: 33/35 MP: 5/5
   491 | D:1      | Reached skill level 1 in Necromancy
   754 | D:2      | Found an ornate altar of the Wu Jian Council.
   962 | D:2      | Reached XP level 4. HP: 44/44 MP: 7/7
   973 | D:2      | Found Addel's Weapon Boutique.
  1908 | D:4      | Found Duitejog's Vocational Training.
  1927 | D:4      | Reached skill level 3 in Fighting
  1928 | D:4      | Reached XP level 5. HP: 40/53 MP: 7/9
  2078 | D:4      | Noticed a phantom
  2118 | D:4      | Killed a phantom
  2119 | D:4      | Reached XP level 6. HP: 45/62 MP: 10/10
  2221 | D:4      | Found a staircase to the Ecumenical Temple.
  2230 | Temple   | Entered the Ecumenical Temple
  2341 | D:4      | Reached skill level 4 in Fighting
  2857 | D:4      | Reached XP level 7. HP: 24/71 MP: 12/12
  3054 | D:5      | Entered Level 5 of the Dungeon
  3337 | D:4      | HP: 1/71 [orc/+0 flail (3)]
  3553 | D:4      | Reached skill level 5 in Fighting
  4678 | D:5      | Reached XP level 8. HP: 35/83 MP: 15/15
  4840 | D:5      | Found Jaqeob's Weapon Shop.
  4880 | D:5      | Reached skill level 5 in Spellcasting
  5370 | D:6      | Found an opulent altar of Gozag.
  5451 | D:6      | Reached skill level 6 in Fighting
  6014 | D:6      | Noticed Grinder
  6021 | D:6      | Paralysed by Grinder for 2 turns
  6044 | D:6      | Paralysed by Grinder for 2 turns
  6061 | D:6      | Paralysed by Grinder for 3 turns
  6076 | D:6      | Killed Grinder
  6344 | D:6      | Reached skill level 7 in Fighting
  6512 | D:6      | Found a runed translucent door.
  6513 | D:6      | Noticed Crazy Yiuf
  6624 | D:6      | Reached skill level 5 in Fire Magic
  6624 | D:6      | Reached XP level 9. HP: 71/93 MP: 16/18
  7369 | D:7      | Found an iron altar of Okawaru.
  7470 | D:6      | Reached skill level 5 in Necromancy
  7936 | D:7      | HP: 3/144 [orc warrior/+0 trident (8)]
  7939 | D:7      | Reached skill level 8 in Fighting
  8304 | D:7      | Found a radiant altar of Vehumet.
  8610 | D:8      | Found a sand-covered staircase.
  8614 | Ossuary  | Entered an ossuary
  9568 | D:8      | Reached skill level 9 in Fighting
  9570 | D:8      | Reached XP level 10. HP: 14/107 MP: 21/21
 10112 | D:8      | Found an ancient bone altar of Kikubaaqudgha.
 10116 | D:8      | Became a worshipper of Kikubaaqudgha
 10171 | D:8      | Found a broken altar of Ashenzari.
 10859 | D:7      | Found a hide-covered altar of Uskayaw.
 11249 | D:4      | Learned a level 3 spell: Vampiric Draining
 11252 | D:4      | Learned a level 2 spell: Blink
 11345 | D:5      | Identified the +1 ring mail "Ymico" {Drain +Inv Dex+6}
 11957 | D:9      | Found Acle's Distillery.
 11959 | D:9      | Found Teonumn's Jewellery Boutique.
 11961 | D:9      | Bought a potion of haste for 160 gold pieces
 11961 | D:9      | Bought a potion of heal wounds for 80 gold pieces
 11961 | D:9      | Bought a potion of haste for 160 gold pieces
 11961 | D:9      | Bought 2 potions of heal wounds for 160 gold pieces
 11961 | D:9      | Bought a potion of resistance for 160 gold pieces
 11993 | D:9      | Found Qiacez's Antique Weapon Shoppe.
 12005 | D:9      | Noticed a kobold demonologist
 12011 | D:9      | Noticed a kobold demonologist
 12013 | D:9      | Noticed a rust devil
 12016 | D:8      | Found a bloodstained altar of Trog.
 12016 | D:8      | Found a hazy altar of Hepliaklqana.
 12016 | D:8      | Found a white marble altar of Elyvilon.
 12065 | D:9      | Noticed an orange demon
 12098 | D:8      | Noticed a soul eater
 12108 | D:8      | Killed a kobold demonologist
 12109 | D:8      | Reached skill level 1 in Earth Magic
 12305 | D:9      | Noticed a two-headed ogre
 12317 | D:9      | Killed a two-headed ogre
 12318 | D:9      | Reached skill level 10 in Fighting
 12576 | D:9      | Found Xuamythu's Weapon Shop.
 12664 | D:9      | Reached * piety under Kikubaaqudgha
 12664 | D:9      | Received a gift from Kikubaaqudgha
 12692 | D:9      | Learned a level 1 spell: Necrotise
 12971 | D:9      | Found a staircase to the Orcish Mines.
 13047 | D:9      | Reached skill level 11 in Fighting
 13213 | D:9      | Found Nad Nop's General Store.
 13248 | D:9      | Killed a kobold demonologist
 13249 | D:9      | Reached XP level 11. HP: 88/120 MP: 23/23
 13346 | D:9      | Noticed a skeletal warrior
 13347 | D:9      | Found a runed translucent gate.
 13347 | D:9      | Found a runed translucent gate.
 13347 | D:9      | Found a runed translucent gate.
 13347 | D:9      | Noticed tinfoiltophat's ghost (journeyman DjFE)
 13353 | D:9      | Noticed a tengu warrior
 13446 | D:9      | Noticed Maggie
 13464 | D:9      | Killed Maggie
 13619 | D:10     | Entered Level 10 of the Dungeon
 13795 | D:10     | Learned a level 3 spell: Mephitic Cloud
 14142 | D:10     | Found Toppick's Weapon Shoppe.
 14149 | D:10     | Bought 5 curare-tipped darts for 72 gold pieces
 15233 | D:11     | Found a staircase to the Lair.
 15246 | Lair:1   | Entered Level 1 of the Lair of Beasts
 15345 | Lair:1   | Reached skill level 12 in Fighting
 15537 | Lair:1   | Reached skill level 5 in Earth Magic
 15612 | Lair:1   | Slain by a komodo dragon

Illustrated notes

Levels and vault maps discovered:
D:1:      psy_arrival_radial01, layout_basic
D:2:      layout_basic, serial_shops, shop, basic_altar, hex_medium,
          grunt_ministairs_3, dreamdust_mushroom_princess
D:3:      layout_loops_ring
D:4:      layout_basic, minmay_temple_entry_butterflies,
          hangedman_decor_peaks_small, nicolae_shop_vocational
D:5:      kennysheep_slugbush, layout_loops_ring, serial_glass, glass_columns_b,
          glass_columns_b, serial_shops, nicolae_stop_n_shop_2,
          minmay_crossroads
D:6:      hangedman_cross_stitches, layout_basic, grunt_gozag_breadcrumbs,
          minmay_misc_feat_doors, uniq_grinder, uniq_crazy_yiuf_cottage
D:7:      layout_layer_cave, lemuel_tele_altar, kennysheep_little_box,
          okawaru_altar_gauntlet_db, kennysheep_generic_room_14
D:8:      minmay_spotlight, layout_cave_pods,
          lemuel_mausoleum_altar_kikubaaqudgha, nicolae_overflow_hidden_temple,
          lightli_ossuary_entry_decrepit_ruins, kb_lookout_dungeons_type
D:9:      minmay_bubble_buster, layout_basic, david_orc_3, serial_shops,
          nicolae_shop_stone, nicolae_shop_tiny_statue_garden,
          nicolae_diamond_shop, shop, nicolae_shop_hallway_stairs,
          gammafunk_ghost_split, minmay_fractal_squares_gapless_5, uniq_maggie
D:10:     layout_loops_corners, serial_shops, shop_statue,
          chequers_serial_rivers_small_3
D:11:     layout_gridville, erik_lair_orcish_takeover, grunt_ministairs_11
Temple:   cyrus_circular_temple
Lair:1:   layout_chaotic_city, nicolae_volcano_entry_s_turn, grunt_megastairs_1

Skill      XL: |  1  2  3  4  5  6  7  8  9 10 11 |
---------------+----------------------------------+-----
Fire Magic     | 1 2 3 5 6 |  6.7
Fighting       | 2 3 4 5 7 9 11 12 | 12.3
Necromancy     | 1 2 3 4 6 7 8 |  8.5
Spellcasting   | 2 3 4 6 7 8 |  8.1
Earth Magic    | 3 5 |  5.1
Ranged Weapons | |  1.3
Dodging        | |  1.7
Hexes          | |  2.6

Action                     |  1- 3 |  4- 6 |  7- 9 | 10-12 || total
---------------------------+-------+-------+-------+-------++-------
  Melee: Sling             |       |     4 |     2 |       ||     6
         Dagger            |       |       |       |   109 ||   109
         Punch             |       |       |       |     2 ||     2
   Fire: Sling             |    95 |   210 |   675 |   494 ||  1474
  Throw: Throwing net      |       |       |       |     2 ||     2
         Dart              |       |       |       |     1 ||     1
   Cast: Vampiric Draining |       |       |       |    25 ||    25
         Blink             |       |       |       |     3 ||     3
         Necrotise         |       |       |       |     1 ||     1
  Evoke: Wand              |       |     7 |    16 |    19 ||    42
         Phial of floods   |       |       |       |     1 ||     1
    Use: Scroll            |     4 |       |    18 |     6 ||    28
         Potion            |       |       |     9 |     4 ||    13
 Armour: Robe              |    44 |    98 |   449 |   337 ||   928
         Skin              |       |       |    64 |    42 ||   106
         Troll leather arm |       |       |       |   129 ||   129
  Dodge: Dodged            |    60 |   119 |   623 |   571 ||  1373

Table legend: (Time is in decaauts)
 A = Elapsed time spent in this place.
 B = Non-inter-level travel time spent in this place.
 C = Inter-level travel time spent in this place.
 D = Time resting spent in this place.
 E = Time spent auto-exploring this place.
 F = Levels seen in this place.
 G = Mean time per level.
                   A        B        C        D        E       F      G
               +--------+--------+--------+--------+--------+-----+--------+
         Total |  16617 |  15915 |    702 |   3500 |   7627 |  14 | 1186.9 |
       Dungeon |  15640 |  14938 |    702 |   3354 |   7473 |  11 | 1421.8 |
        Temple |      1 |      1 |      0 |      0 |      0 |   1 |    1.0 |
          Lair |    461 |    461 |      0 |     30 |     60 |   1 |  461.0 |
       Ossuary |    514 |    514 |      0 |    116 |     94 |   1 |  514.0 |
               +--------+--------+--------+--------+--------+-----+--------+

Top non-repeatable levels by time:
     D:4: 2516 daAuts
     D:8: 2320 daAuts
     D:6: 2253 daAuts
     D:7: 1960 daAuts
     D:9: 1454 daAuts
     D:5: 1446 daAuts
    D:10: 971 daAuts
    D:11: 791 daAuts
     D:3: 762 daAuts
     D:1: 710 daAuts
 Ossuary: 514 daAuts
  Lair:1: 461 daAuts
     D:2: 453 daAuts
  Temple: 1 daAuts
